 Dungeon Crawl Stone Soup version 0.19.4 (webtiles) character file.

103462 Kiturien the Severer (level 16, -15/146 HPs)
             Began as a Hill Orc Fighter on Feb 4, 2017.
             Was the Champion of Qazlal.
             Demolished by an entropy weaver (16 damage)
             ... on level 3 of the Lair of Beasts on Feb 6, 2017.
             The game lasted 02:48:06 (22838 turns).

Kiturien the Severer (Hill Orc Fighter)            Turns: 22838, Time: 02:48:06

Health: -15/146    AC:  0    Str: 26    XL:     16   Next: 36%
Magic:  27/27      EV: 11    Int:  8    God:    Qazlal [******]
Gold:   752        SH: 25    Dex: 10    Spells: 4 memorised, 18 levels left

rFire  + + .     SeeInvis .     F - +5 war axe (freeze)
rCold  . . .     Gourm    .     y - +0 plate armour
rNeg   + . .     Faith    .     c - +4 shield
rPois  .         Spirit   .     X - +0 helmet
rElec  .         Reflect  .     u - +2 cloak
rCorr  .         Harm     .     (no gloves)
MR     ++...                    U - +1 pair of boots
Stlth  ..........               v - amulet of regeneration
                                L - ring of positive energy
                                e - ring of protection from fire

@: protected from physical damage, corroded, studying Poison Magic, repel
missiles
A: repulsion field 1, fire resistance 1, magic resistance 1
a: Upheaval, Elemental Force, Disaster Area, Renounce Religion


You were on level 3 of the Lair of Beasts.
You worshipped Qazlal.
Qazlal was exalted by your worship.
You were not hungry.

You visited 6 branches of the dungeon, and saw 23 of its levels.
You visited 2 bazaars.
You also visited: Labyrinth.

You collected 2153 gold pieces.
You spent 1401 gold pieces at shops.

Inventory:

Hand Weapons
 z - the +1 flail "Pedue" {drain, *Drain rF+++ Dex+3 Stlth-}
   (You found it on level 4 of the Dungeon)

   A truly terrible weapon, it drains the life of those it strikes.
   It affects your dexterity (+3).
   It renders you almost immune to fire.
   It causes draining when unequipped.
   It makes you less stealthy.
 E - a +6 broad axe
 F - a +5 war axe of freezing (weapon)
 P - a +3 scimitar of flaming
 S - the +7 flail "Kiuh" {holy, +Inv rPois MR++ Int-3}
   (You found it on level 2 of the Lair of Beasts)

   It has been blessed by the Shining One to cause great damage to the undead
   and demons.
   It affects your intelligence (-3).
   It protects you from poison.
   It affects your resistance to hostile enchantments.
   It lets you turn invisible.
Armour
 c - a +4 shield (worn)
 p - a +0 chain mail of fire resistance
 u - a +2 cloak (worn)
 y - a +0 plate armour (worn)
 K - the +1 leather armour of Life {MR+ Regen+ Int+4 Dex+2}
   (You found it on level 9 of the Dungeon)

   It affects your intelligence (+4).
   It affects your dexterity (+2).
   It affects your resistance to hostile enchantments.
   It increases your rate of regeneration.
 U - a +1 pair of boots (worn)
 X - a +0 helmet (worn)
Jewellery
 a - an uncursed ring of resist corrosion
 e - a ring of protection from fire (left hand)
 i - an uncursed ring of protection from cold {unknown}
 q - a +3 ring of strength
 v - an amulet of regeneration (around neck)
 A - an uncursed ring of protection from magic
 C - an uncursed ring of wizardry
 H - an uncursed amulet of rage
 L - a ring of positive energy (right hand)
 V - an uncursed ring of ice
Wands
 o - a wand of paralysis (14/24)
 G - a wand of flame (20/48)
 I - a wand of lightning (15/15)
 W - a wand of lightning (7/15)
 Y - a wand of heal wounds (2/9)
Scrolls
 h - 3 scrolls of recharging
 l - 2 scrolls of fear
 m - 2 scrolls of fog
 s - 3 scrolls of teleportation
 t - 6 scrolls of amnesia
Potions
 b - a potion of haste
 d - 3 potions of might
 j - 2 potions of brilliance
 k - a potion of resistance
 r - 4 potions of mutation
 w - a potion of cure mutation {unknown}
 D - 4 potions of curing
 N - 4 potions of flight
 O - 2 potions of cancellation
 R - a potion of ambrosia
Books
 n - a book of Changes

   Spells                             Type                      Level
   a - Beastly Appendage              Transmutation                1
   b - Sticks to Snakes               Transmutation                2
   c - Spider Form                    Transmutation/Poison         3
   d - Ice Form                       Ice/Transmutation            4
   e - Blade Hands                    Transmutation                5
 B - a book of Fire

   Spells                             Type                      Level
   a - Ignite Poison                  Fire/Transmutation/Poison    3
   b - Fireball                       Conjuration/Fire             5
   c - Bolt of Fire                   Conjuration/Fire             6
   d - Delayed Fireball               Conjuration/Fire             7
   e - Ring of Flames                 Charms/Fire                  7
 Q - a book of Debilitation

   Spells                             Type                      Level
   a - Corona                         Hexes                        1
   b - Slow                           Hexes                        2
   c - Gell's Gravitas                Hexes/Translocation          3
   d - Inner Flame                    Hexes/Fire                   3
   e - Cause Fear                     Hexes                        4
   f - Leda's Liquefaction            Hexes/Earth                  4
 Z - a manual of Poison Magic
Comestibles
 f - 14 bread rations
 g - 8 meat rations
 J - 4 beef jerkies
 M - 5 royal jellies


   Skills:
 - Level 14.2 Fighting
 - Level 16.3(16.4) Axes
 - Level 2.4(9.7) Maces & Flails
 - Level 7.9 Armour
 - Level 6.3 Dodging
 - Level 12.1 Shields
 + Level 7.3 Spellcasting
 + Level 6.6 Conjurations
 + Level 2.4 Transmutations
 + Level 7.3 Fire Magic
 + Level 5.5 Air Magic
 - Level 11.0 Poison Magic
 + Level 4.4 Invocations


You had 18 spell levels left.
You knew the following spells:

 Your Spells              Type           Power        Failure   Level  Hunger
a - Mephitic Cloud        Conj/Pois/Air  ###.....     38%         3    ###....
b - Sting                 Conj/Pois      ###.         10%         1    None
c - Olgreb's Toxic Radia  Pois           ###.....     38%         4    ####...
d - Ignite Poison         Fire/Tmut/Pois ##......     65%         3    ###....


Dungeon Overview and Level Annotations

Branches:
Dungeon (14/15)            Temple (1/1) D:4            Lair (3/6) D:11
 Spider (1/4) Lair:3          Orc (2/2) D:10            Elf (2/3) Orc:2
 Vaults (0/5) D:14
  Swamp: Lair:2-4    Shoals: Lair:2-4

Altars:
Ashenzari
Cheibriados
Dithmenos
Elyvilon
Fedhas
Gozag
Hepliaklqana
Kikubaaqudgha
Makhleb
Nemelex Xobeh
Okawaru
Qazlal
Ru
Sif Muna
Trog
Uskayaw
Vehumet
Xom
Yredelemnul
Zin
The Shining One
Beogh

Shops:
D:14 }   Orc:2 (*[!   Elf:1 *   Elf:2 (

Annotations:
D:3 Kloppie's ghost, amateur MiFi
D:7 1 exclusion
D:9 1 runed door
Spider:1 topkek's ghost, journeyman DsFi


Innate Abilities, Weirdness & Mutations

You are surrounded by a mild repulsion field. (EV +2)
Your flesh is heat resistant. (rF+)
You are resistant to hostile enchantments. (MR+)


Message History

The entropy weaver hits you.
* * * LOW HITPOINT WARNING * * *
The entropy weaver hits you.
* * * LOW HITPOINT WARNING * * *
You feel more protected from physical attacks.
The entropy weaver hits you.
* * * LOW HITPOINT WARNING * * *
You feel more protected from physical attacks.
The entropy weaver hits you!
* * * LOW HITPOINT WARNING * * *
You feel more protected from physical attacks.
You barely miss the entropy weaver.
The entropy weaver is severely wounded.
You barely miss the crocodile.
The crocodile is no longer moving slowly.
The entropy weaver hits you.
* * * LOW HITPOINT WARNING * * *
You feel more protected from physical attacks.
The entropy weaver hits you!
You die...

..........##.....#...##........#
...##.....######.[...##.....<..##
...............##########.......#
.....#....#P...#*,##*##,##.......
..............##*#.#,*.#*#......#
..............###.#**,*.##.....P#
..............##.## ####.#.|...##
,*....>.......≈§§t###^#........#
,*#...........§§@..#^#^........#
,,#...........≈a..#^#.#........##
,,.##.........##^#.#.###.#......#
,,,,+.........###^#.#^#.##.....P#
,,,*#..........#.#.#.#.#,#.....##
,,,,+..........######.####......#
,,,**...........#########.......#
,,*,,..........................##
,,*,,,.........................#


You could see an entropy weaver and a crocodile.

Vanquished Creatures
  Agnes (Elf:1)
  Aizul (Lair:3)
  2 angels (Elf:1)
  Azrael (D:13)
  A deep elf annihilator (Elf:1)
  The ghost of Kloppie the Severer, a journeyman DrBe of Trog (Lair:3)
  Snorg (D:10)
  A minotaur (Lab)
  A deep elf death mage (Elf:2)
  Fannar (D:10)
  4 hydras
  2 centaur warriors
  Erica (D:8)
  17 dancing weapons
  The ghost of Zeloya the Covert, a journeyman KoEn of Yredelemnul (Lair:1)
  A tengu warrior (D:14)
  Urug (Lair:2)
  Nergalle (D:10)
  14 deep elf knights
  2 unseen horrors
  A wizard (D:14)
  14 deep elf archers
  A necromancer (D:14)
  3 orc knights
  3 hill giants
  An orange crystal statue (D:9)
  41 deep elf magi
  4 wolf spiders
  3 orc sorcerers
  3 cyclopes
  A manticore (D:14)
  Joseph (D:8)
  Maurice (D:9)
  4 spiny frogs
  A torpor snail (Spider:1)
  A rime drake (Lair:3)
  2 gargoyles
  A kobold demonologist (D:14)
  A komodo dragon (Lair:2)
  A freezing wraith (D:14)
  2 demonic crawlers (Spider:1)
  5 jumping spiders
  A queen bee (D:9)
  5 trolls
  Grinder (D:5)
  5 hippogriffs
  4 shadows
  4 air elementals
  Sigmund (D:2)
  14 redbacks
  A spriggan (Lair:1)
  3 tarantellas
  A spriggan (shapeshifter) (D:13)
  3 water elementals (Elf:1)
  3 yaks (Lair:2)
  3 wyverns
  10 fire elementals
  A steam dragon (D:10)
  A basilisk (D:14)
  3 hungry ghosts
  3 vampire mosquitoes (D:13)
  Grum (D:8)
  2 wargs
  4 hell hounds (D:13)
  5 water moccasins
  5 porcupines
  A swamp drake (D:10)
  2 black bears
  16 ice beasts
  5 phantoms
  36 orc warriors
  3 sky beasts
  8 wolves
  10 ogres
  2 necrophages
  37 centaurs
  6 crocodiles
  3 big kobolds
  19 bullfrogs
  A wyvern zombie (D:14)
  4 earth elementals
  A wyvern skeleton (D:13)
  7 scorpions
  23 killer bees
  10 wights
  7 howler monkeys
  7 crimson imps
  2 centaur zombies
  A bullfrog zombie (D:6)
  3 hounds
  2 jellies
  3 quasits
  3 centaur skeletons
  A gnoll shaman (D:10)
  Crazy Yiuf (D:2)
  16 orc priests
  3 bullfrog skeletons
  22 orc wizards
  Ijyb (D:2)
  3 iguanas
  12 worker ants
  A killer bee zombie (D:7)
  2 hound zombies
  A worker ant zombie (D:8)
  13 adders
  5 gnolls (D:10)
  3 shadow imps
  2 oozes
  3 adder skeletons
  7 worms
  5 dart slugs
  6 leopard geckos
  76 orcs
  5 giant cockroaches
  4 goblins
  10 hobgoblins
  12 jackals
  22 kobolds
  5 quokkas
  6 bats
  4 frilled lizards
  A giant cockroach zombie (D:5)
  A quokka skeleton (D:4)
  9 rats
  A bush (Lair:1)
  2 crawling corpses (Elf:2)
  7 fungi
  16 plants
744 creatures vanquished.

Vanquished Creatures (others)
  An unseen horror (D:14)
  A deep elf mage (Elf:2)
  2 redbacks (Spider:1)
  An orc (D:10)
  A kobold (D:10)
  7 plants
13 creatures vanquished.

Grand Total: 757 creatures vanquished

Notes
Turn   | Place    | Note
-------+----------+-------------------------------------------
     0 | D:1      | Kiturien the Hill Orc Fighter began the quest for the Orb.
     0 | D:1      | Reached XP level 1. HP: 19/19 MP: 1/1
   156 | D:1      | Reached XP level 2. HP: 25/27 MP: 2/2
   268 | D:1      | Reached skill level 3 in Axes
   472 | D:1      | Reached XP level 3. HP: 33/33 MP: 3/3
   824 | D:2      | Noticed Sigmund
   833 | D:2      | Noticed Ijyb
   838 | D:2      | Killed Sigmund
   838 | D:2      | Reached skill level 5 in Axes
   838 | D:2      | Reached XP level 4. HP: 11/41 MP: 4/4
   838 | D:2      | Reached XP level 5. HP: 13/47 MP: 5/5
   841 | D:2      | Killed Ijyb
   841 | D:2      | Reached skill level 6 in Axes
   841 | D:2      | Reached XP level 6. HP: 10/53 MP: 6/6
  1463 | D:2      | Found a runed door.
  1467 | D:2      | Noticed Crazy Yiuf
  1472 | D:2      | Killed Crazy Yiuf
  1626 | D:2      | Found a white marble altar of Elyvilon.
  1626 | D:2      | Found a faded altar of an unknown god.
  1638 | D:2      | Found a faded altar of an unknown god.
  1641 | D:2      | Found a faded altar of an unknown god.
  1642 | D:2      | Found a faded altar of an unknown god.
  2004 | D:3      | Noticed Kloppie's ghost (amateur MiFi)
  2018 | D:3      | Gained mutation: You are resistant to hostile enchantments. (MR+) [potion of mutation]
  2018 | D:3      | Gained mutation: Your flesh is heat resistant. (rF+) [potion of mutation]
  2018 | D:3      | Gained mutation: You are surrounded by a mild repulsion field. (EV +2) [potion of mutation]
  2371 | D:4      | Noticed a phantom
  2427 | D:4      | Killed a phantom
  2427 | D:4      | Reached skill level 7 in Axes
  2427 | D:4      | Reached XP level 7. HP: 39/60 MP: 7/7
  2719 | D:4      | Got a warped flail
  2720 | D:4      | Identified the cursed +1 flail "Pedue" {drain, *Drain rF+++ Dex+3 Stlth-} (You found it on level 4 of the Dungeon)
  2892 | D:5      | Entered Level 5 of the Dungeon
  2904 | D:5      | Reached skill level 5 in Fighting
  2904 | D:5      | Reached skill level 1 in Maces & Flails
  3181 | D:4      | Found a staircase to the Ecumenical Temple.
  3201 | Temple   | Entered the Ecumenical Temple
  3462 | D:4      | Found a shadowy altar of Dithmenos.
  3695 | D:5      | Noticed Grinder
  3702 | D:5      | Killed Grinder
  3702 | D:5      | Reached skill level 8 in Axes
  3702 | D:5      | Reached skill level 1 in Dodging
  3702 | D:5      | Reached skill level 5 in Shields
  3702 | D:5      | Reached XP level 8. HP: 65/69 MP: 8/8
  3763 | D:5      | Reached skill level 5 in Armour
  3804 | D:5      | Found an iron altar of Okawaru.
  3969 | D:5      | Found a burning altar of Makhleb.
  4023 | D:5      | Found a basalt altar of Yredelemnul.
  4396 | D:5      | Reached skill level 9 in Axes
  4858 | D:6      | Reached XP level 9. HP: 78/78 MP: 9/9
  5058 | D:6      | Reached skill level 10 in Axes
  5415 | D:7      | Reached skill level 11 in Axes
  5735 | D:7      | Learned a level 3 spell: Mephitic Cloud
  6210 | D:8      | Found a stormy altar of Qazlal.
  6255 | D:8      | Noticed Grum
  6267 | D:8      | Killed Grum
  6267 | D:8      | Reached XP level 10. HP: 88/88 MP: 10/10
  6269 | D:8      | Reached skill level 12 in Axes
  6299 | D:8      | Became a worshipper of Qazlal Stormbringer
  6302 | D:9      | Found a runed door.
  6313 | D:9      | Found a runed door.
  6326 | D:9      | Noticed an orange crystal statue
  6344 | D:9      | Killed an orange crystal statue
  6355 | D:9      | Got a bronze leather armour
  6372 | D:9      | Identified the cursed +1 leather armour of Life {MR+ Regen+ Int+4 Dex+2} (You found it on level 9 of the Dungeon)
  6376 | D:9      | Found a runed door.
  6384 | D:9      | Found a runed door.
  6441 | D:9      | Found an opulent altar of Gozag.
  6615 | D:9      | Noticed Maurice
  6628 | D:9      | Killed Maurice
  6653 | D:9      | Reached * piety under Qazlal
  6673 | D:9      | Reached skill level 13 in Axes
  6928 | D:9      | Found a hazy altar of Hepliaklqana.
  7088 | D:8      | Noticed Joseph
  7104 | D:8      | Killed Joseph
  7104 | D:8      | Reached XP level 11. HP: 67/97 MP: 11/11
  7167 | D:8      | Noticed Erica
  7173 | D:8      | Killed Erica
  7686 | D:10     | Entered Level 10 of the Dungeon
  7712 | D:10     | Noticed Nergalle
  7726 | D:10     | Killed Nergalle
  7726 | D:10     | Reached skill level 14 in Axes
  7807 | D:10     | Reached ** piety under Qazlal
  7862 | D:10     | Noticed Snorg
  7887 | D:10     | Killed Snorg
  8093 | D:10     | Reached skill level 10 in Fighting
  8281 | D:10     | Noticed a hill giant
  8286 | D:10     | Killed a hill giant
  8453 | D:10     | Found a staircase to the Orcish Mines.
  8599 | D:10     | Reached *** piety under Qazlal
  8691 | D:10     | Noticed Fannar
  8704 | D:10     | Killed Fannar
  8704 | D:10     | Reached skill level 10 in Shields
  8766 | Orc:1    | Entered Level 1 of the Orcish Mines
  8905 | Orc:1    | Found a roughly hewn altar of Beogh.
  8942 | Orc:1    | Reached skill level 15 in Axes
  9019 | Orc:1    | Noticed an orc knight
  9019 | Orc:1    | Found a roughly hewn altar of Beogh.
  9053 | Orc:1    | Killed an orc knight
  9053 | Orc:1    | Reached XP level 12. HP: 77/108 MP: 12/12
  9272 | Orc:1    | You fall through a shaft!
  9272 | Orc:2    | Entered Level 2 of the Orcish Mines
  9272 | Orc:2    | Found a staircase to the Elven Halls.
  9290 | Orc:2    | Noticed a soul eater
  9290 | Orc:2    | Reached **** piety under Qazlal
  9817 | Orc:2    | Reached skill level 5 in Dodging
  9974 | Orc:2    | Noticed a centaur warrior
  9982 | Orc:2    | Killed a centaur warrior
 10030 | Orc:2    | Reached skill level 16 in Axes
 10058 | Orc:2    | Reached ***** piety under Qazlal
 10374 | Orc:2    | Found Qitodiy's Assorted Antiques.
 10374 | Orc:2    | Found Arphokh's Armour Shoppe.
 10376 | Orc:2    | Found Moonim's Distillery.
 10378 | Orc:2    | Found Apuc's Antique Weapon Boutique.
 10392 | Orc:2    | Bought a scroll of identify for 58 gold pieces
 10392 | Orc:2    | Bought a scroll of identify for 58 gold pieces
 10392 | Orc:2    | Bought a scroll of identify for 58 gold pieces
 10731 | D:11     | Reached XP level 13. HP: 96/116 MP: 13/13
 10885 | D:11     | Found a staircase to the Lair.
 11800 | D:12     | Reached skill level 1 in Invocations
 12117 | D:13     | Found a flickering gateway to a bazaar.
 12133 | Bazaar   | Entered a bazaar
 12135 | Bazaar   | Found Cesim's Book Boutique.
 12139 | Bazaar   | Found Okizes's Gadget Boutique.
 12139 | Bazaar   | Found Elaub's Gadget Boutique.
 12139 | Bazaar   | Found Foskesm's General Store.
 12212 | Bazaar   | Bought a book of Fire for 455 gold pieces
 12212 | Bazaar   | Bought a manual of Poison Magic for 772 gold pieces
 12240 | D:13     | Learned a level 1 spell: Sting
 12245 | D:13     | Learned a level 4 spell: Olgreb's Toxic Radiance
 12249 | D:13     | Learned a level 3 spell: Ignite Poison
 12452 | D:13     | Noticed Azrael
 12466 | D:13     | Reached skill level 1 in Poison Magic
 12471 | D:13     | Reached skill level 1 in Spellcasting
 12479 | D:13     | Killed Azrael
 13221 | D:14     | Found Yluatep's Gadget Emporium.
 13245 | D:14     | Reached skill level 5 in Poison Magic
 13400 | D:14     | Found a flickering gateway to a bazaar.
 13407 | Bazaar   | Entered a bazaar
 13407 | Bazaar   | Found Teongo's Antique Armour Shop.
 13426 | Bazaar   | Found Izaruwidgh's Magic Scroll Emporium.
 13437 | Bazaar   | Found Sokusoso's Jewellery Boutique.
 13438 | Bazaar   | Found Fauzu's General Store.
 13457 | Bazaar   | Found Emicauh's Antique Weapon Emporium.
 13559 | D:14     | Found a white marble altar of Elyvilon.
 13569 | D:14     | Reached ****** piety under Qazlal
 13763 | D:14     | Found a gate to the Vaults.
 14720 | Elf:1    | Entered Level 1 of the Elven Halls
 14725 | Elf:1    | Reached XP level 14. HP: 125/125 MP: 21/21
 14730 | Elf:1    | Reached skill level 5 in Spellcasting
 14744 | Elf:1    | Reached skill level 1 in Conjurations
 14749 | Elf:1    | Reached skill level 1 in Fire Magic
 14754 | Elf:1    | Reached skill level 1 in Air Magic
 14800 | Elf:1    | Noticed a deep elf annihilator
 14902 | Elf:1    | Killed a deep elf annihilator
 15148 | Elf:1    | Found Izodghyf's Assorted Antiques.
 15595 | Elf:1    | Noticed an angel
 15595 | Elf:1    | Noticed an angel
 15612 | Elf:1    | Killed an angel
 15619 | Elf:1    | Killed an angel
 15623 | Elf:1    | Found a glowing golden altar of the Shining One.
 15623 | Elf:1    | Found a glowing silver altar of Zin.
 15625 | Elf:1    | Found a white marble altar of Elyvilon.
 16009 | Elf:2    | Noticed Agnes
 16032 | Elf:1    | Killed Agnes
 16281 | Elf:2    | Reached skill level 10 in Poison Magic
 16293 | Elf:2    | Reached skill level 5 in Fire Magic
 16306 | Elf:2    | Reached XP level 15. HP: 119/132 MP: 24/24
 16331 | Elf:2    | Reached skill level 5 in Conjurations
 16526 | Elf:2    | Found Ruddaheo's Weapon Boutique.
 16830 | Elf:2    | Found a huge runed gate.
 16830 | Elf:2    | Found a huge runed gate.
 16830 | Elf:2    | Found a huge runed gate.
 16831 | Elf:2    | Found a huge runed gate.
 16845 | Elf:2    | Found a huge runed gate.
 18574 | Lair:1   | Entered Level 1 of the Lair of Beasts
 18700 | Lair:1   | Noticed Zeloya's ghost (journeyman KoEn)
 18719 | Lair:1   | Killed Zeloya's ghost
 18845 | Lair:1   | Reached skill level 1 in Transmutations
 18994 | Lair:1   | You fall through a shaft!
 19113 | Lair:2   | Reached XP level 16. HP: 122/146 MP: 26/26
 19322 | Lair:2   | Noticed Urug
 19323 | Lair:2   | Reached skill level 5 in Air Magic
 19333 | Lair:2   | Killed Urug
 19506 | Lair:2   | Got an iridescent flail
 19507 | Lair:2   | Identified the +7 flail "Kiuh" {holy, +Inv rPois MR++ Int-3} (You found it on level 2 of the Lair of Beasts)
 20284 | Lair:3   | Found a labyrinth entrance.
 20314 | Lab      | Entered a labyrinth
 22508 | Lair:3   | Found a hole to the Spider Nest.
 22559 | Spider:1 | Entered Level 1 of the Spider Nest
 22564 | Spider:1 | Noticed Aizul
 22588 | Lair:3   | HP: 7/146 [Aizul/poison arrow (23)]
 22592 | Lair:3   | Killed Aizul
 22630 | Lair:3   | Noticed Kloppie's ghost (journeyman DrBe)
 22649 | Lair:3   | Killed Kloppie's ghost
 22802 | Spider:1 | Noticed topkek's ghost (journeyman DsFi)
 22837 | Lair:3   | HP: 3/146 [entropy weaver (16)]
 22838 | Lair:3   | HP: 1/146 [entropy weaver (2)]
 22838 | Lair:3   | Demolished by an entropy weaver

Skill      XL: |  1  2  3  4  5  6  7  8  9 10 11 12 13 14 15 16 |
---------------+-------------------------------------------------+-----
Axes           | 3 5 6 7 8 9 11 13 15 16 | 16.3
Fighting       | 4 5 6 7 9 10 11 14 | 14.2
Armour         | 4 5 6 7 |  7.9
Shields        | 4 5 6 7 8 10 11 12 | 12.1
Maces & Flails | 2 |  2.4
Dodging        | 1 2 4 5 6 |  6.3
Invocations    | 1 2 4 |  4.4
Poison Magic   | 8 10 11 | 11.0
Spellcasting   | 4 6 7 |  7.3
Conjurations   | 4 6 |  6.6
Fire Magic     | 5 6 7 |  7.3
Air Magic      | 3 4 5 |  5.5
Transmutations | 1 2 |  2.4

Action                   |  1- 3 |  4- 6 |  7- 9 | 10-12 | 13-15 | 16-18 || total
-------------------------+-------+-------+-------+-------+-------+-------++-------
Melee: War axe           |    97 |   177 |   363 |   579 |  1080 |   168 ||  2464
       Flail             |       |       |    38 |       |       |    10 ||    48
       Scimitar          |       |       |       |       |    28 |       ||    28
Evoke: Wand              |       |       |       |       |     1 |     1 ||     2
  Use: Potion            |       |     2 |     1 |     1 |     5 |     3 ||    12
       Scroll            |       |     1 |    18 |    12 |    11 |     5 ||    47
 Stab: Distracted        |       |       |       |       |     1 |       ||     1
  Eat: Chunk             |       |     5 |    13 |     9 |    11 |     2 ||    40
       Fruit             |       |       |       |     1 |     1 |       ||     2
       Bread ration      |       |       |       |     1 |     2 |       ||     3
       Pizza             |       |       |       |     1 |     2 |     1 ||     4
       Meat ration       |       |       |       |       |     1 |     1 ||     2
       Royal jelly       |       |       |       |       |       |     2 ||     2
Armor: Scale mail        |    70 |    43 |       |       |       |       ||   113
       Plate armour      |       |    34 |   214 |   113 |   185 |    78 ||   624
       Leather armour    |       |       |       |    33 |       |       ||    33
       Chain mail        |       |       |       |       |    20 |       ||    20
Dodge: Dodged            |    35 |    49 |    99 |   157 |   149 |    65 ||   554
       Deflected         |       |       |       |    15 |    30 |       ||    45
Block: Shield            |    53 |   100 |   236 |   559 |   987 |   231 ||  2166
       Rpst.: Scimitar   |       |       |       |       |     2 |       ||     2
